 Dungeon Crawl Stone Soup version 0.18.1-48-g4cf74bf (webtiles) character file.

487 hairmachine the Poker (level 6, 0/51 HPs)
             Began as a Minotaur Fighter on July 3, 2016.
             Slain by an ogre
             ... wielding a +0 giant club
              (16 damage)
             ... on level 4 of the Dungeon.
             The game lasted 00:12:12 (3580 turns).

hairmachine the Poker (Minotaur Fighter)            Turns: 3580, Time: 00:12:13

Health: 0/51       AC:  8    Str: 21    XL:     6   Next: 89%
Magic:  5/5        EV:  7    Int:  5    God:
Gold:   151        SH: 10    Dex: 11    Spells: 0 memorised, 5 levels left

rFire  . . .     SeeInvis .     a - +0 trident
rCold  . . .     Gourm    .     b - +0 scale mail
rNeg   . . .     Faith    .     c - +0 shield
rPois  .         Spirit   .     (helmet restricted)
rElec  .         Dismiss  .     o - +0 cloak
rCorr  .         Reflect  .     (no gloves)
SustAt .         Harm     .     (no boots)
MR     .....                    (no amulet)
Stlth  ..........               (no ring)
                                (no ring)

@: not resistant to hostile enchantments, extremely unstealthy
A: retaliatory headbutt, horns 2
a: no special abilities


You were on level 4 of the Dungeon.
You were not hungry.

You visited 1 branch of the dungeon, and saw 4 of its levels.
You also visited: Sewer.

You collected 151 gold pieces.

Inventory:

Hand Weapons
 a - a +0 trident (weapon)
Missiles
 k - a throwing net (quivered)
Armour
 b - a +0 scale mail (worn)
 c - a +0 shield (worn)
 o - a +0 cloak (worn)
Jewellery
 g - a cursed amulet of inaccuracy {unknown}
 j - a +3 ring of evasion {unknown}
Scrolls
 l - a scroll of identify
 p - 2 scrolls of fear {unknown}
 q - a scroll of blinking {unknown}
 r - a scroll of recharging {unknown}
 t - 2 scrolls of remove curse
Potions
 d - 3 potions of might
 e - a potion of berserk rage {unknown}
 h - 2 potions of curing {unknown}
 i - a potion of agility {unknown}
 n - a potion of lignification {unknown}
 s - 2 potions of flight {unknown}
Comestibles
 f - 7 bread rations
 m - a meat ration
 u - 5 chunks of flesh


   Skills:
 - Level 3.6 Fighting
 + Level 7.7 Polearms
 + Level 4.8 Armour
 + Level 4.9 Shields


You had 5 spell levels left.
You didn't know any spells.

Dungeon Overview and Level Annotations

Branches:
Dungeon (4/15)
 Temple: D:4-7

Altars:
Dithmenos


Innate Abilities, Weirdness & Mutations

You reflexively headbutt those who attack you in melee.
You have a pair of horns on your head.


Message History

Attack whom?
Press: ? - help, Dir - move target cursor, f - ogre
Aim: an ogre, wielding a giant club The gnoll is in the way.
You puncture the gnoll!
You kill the gnoll!
You hit the ogre.
The ogre is lightly wounded.
The ogre hits you with a giant club!
You puncture the ogre!
The ogre is moderately wounded.
The ogre hits you with a giant club!
You hit the ogre but do no damage. You headbutt the ogre!
The ogre is almost dead.
The ogre hits you with a giant club!
You barely miss the ogre. You headbutt the ogre.
The ogre is almost dead.
You hit the ogre but do no damage.
The ogre is almost dead.
The ogre hits you with a giant club!
You die...

...... ...#.# ######
..<..# #.# .. . ....## #
#.# .##.# #....#####
######.###..#.###........#
..................O≈≈.≈≈$#
######.#....#.# #.≈# #
#.#....#.####..+ +
######.#........@O.≈#'#≈#
....))....#.#.####.≈≈.≈≈#
######.##..........#..###
.......####.#......#.##
#####..##.....####.#.#
#..##.#.#.# #.#.#
#.....#.#.# #.#
##.#..#.#.####.#
#.#..#.#......#


You could see an ogre.

Vanquished Creatures
  Purgy (Sewer)
  A phantom (D:4)
  2 worker ants (D:4)
  8 gnolls
  9 adders
  2 oozes (D:1)
  2 worms
  2 dart slugs (D:2)
  3 giant geckos
  5 orcs (D:3)
  2 ball pythons
  5 giant cockroaches
  8 goblins
  12 hobgoblins
  3 jackals (D:3)
  3 quokkas
  7 bats
  6 giant newts
  6 kobolds
  5 rats
92 creatures vanquished.

Notes
Turn   | Place    | Note
--------------------------------------------------------------
     0 | D:1      | hairmachine the Minotaur Fighter began the quest for the Orb.
     0 | D:1      | Reached XP level 1. HP: 19/19 MP: 0/0
    70 | D:1      | Reached skill level 3 in Polearms
    95 | D:1      | Reached XP level 2. HP: 26/26 MP: 1/1
   570 | D:1      | Reached skill level 4 in Polearms
   911 | D:2      | Reached XP level 3. HP: 31/31 MP: 2/2
  1281 | D:2      | Reached skill level 5 in Polearms
  1584 | D:2      | Reached XP level 4. HP: 39/39 MP: 3/3
  1884 | D:3      | Reached skill level 6 in Polearms
  1907 | D:3      | Reached XP level 5. HP: 29/45 MP: 4/4
  2351 | D:3      | Found a shadowy altar of Dithmenos.
  2857 | D:4      | Found a glowing drain.
  2863 | D:4      | Reached skill level 7 in Polearms
  2872 | Sewer    | Entered a sewer
  2957 | Sewer    | Noticed Purgy
  2977 | Sewer    | Killed Purgy
  2977 | Sewer    | Reached XP level 6. HP: 29/51 MP: 5/5
  3580 | D:4      | Slain by an ogre

Skill      XL: |  1  2  3  4  5 |
---------------+----------------+-----
Polearms       | 3 4 5 6 7 |  7.7
Armour         | 4 |  4.8
Shields        | 4 |  4.9
Fighting       | |  3.6

Action                   |  1- 3 |  4- 6 || total
-------------------------+-------+-------++-------
Melee: Trident           |   137 |   176 ||   313
       Headbutt          |    20 |    31 ||    51
  Use: Scroll            |       |     5 ||     5
  Eat: Chunk             |     2 |     7 ||     9
Armor: Scale mail        |    27 |    47 ||    74
Dodge: Dodged            |    14 |    30 ||    44
Block: Shield            |    44 |    79 ||   123
